 Dungeon Crawl Stone Soup version 0.28-a0-1638-g9123634e07 (webtiles) character file.

Game seed: 12699902272758924024

167334 freelancePsychic the Bludgeoner (level 18, 0/149 HPs)
             Began as a Formicid Fighter on Jan 25, 2022.
             Was a Priest of Elyvilon.
             Slain by Ilsuiw (2 damage)
             ... on level 2 of the Shoals.
             The game lasted 01:06:40 (41736 turns).

freelancePsychic the Bludgeoner (Formicid Fighter) Turns: 41736, Time: 01:06:40

Health: 0/149      AC: 25    Str: 24    XL:     18   Next: 55%
Magic:  18/30      EV: 13    Int:  9    God:    Elyvilon [***...]
Gold:   1140       SH: 13    Dex: 14    Spells: 17/17 levels left

rFire   + . .      SeeInvis +   a - +8 great mace (vorpal)
rCold   . . .      Faith    +   R - +1 kite shield {AC+3}
rNeg    . . .      Spirit   .   k - quicksilver dragon scales
rPois   +          Reflect  .   (helmet unavailable)
rElec   .          Harm     .   h - +1 cloak {Will+}
rCorr   .          Rampage  ∞   j - +0 pair of gloves
Will    +++..                   Y - +3 pair of seven-league boots {Rampage+∞}
Stlth   +.........              t - amulet of faith
HPRegen 0.34/turn               m - ring of protection from fire
MPRegen 0.22/turn               I - ring of poison resistance

@: very slow
A: permanent stasis, dig shafts and tunnels, antennae 3, four strong arms
a: Dig, Shaft Self, Renounce Religion, Purification, Heal Other, Heal Self


You were on level 2 of the Shoals.
You worshipped Elyvilon.
Elyvilon was most pleased with you.
You visited 7 branches of the dungeon, and saw 30 of its levels.
You visited the Abyss 1 time.
You also visited: Trove, Ossuary, Gauntlet and Ice Cave.

You collected 2271 gold pieces.
You spent 1131 gold pieces at shops.

Inventory:

Hand Weapons
 a - a +8 vorpal great mace (weapon)
Missiles
 s - a curare-tipped dart (quivered)
 D - 11 boomerangs
Armour
 h - a +1 cloak of willpower (worn)
 j - a +0 pair of gloves (worn)
 k - quicksilver dragon scales (worn)
 R - a +1 kite shield of protection (worn)
 Y - the +3 pair of seven-league boots (worn) {Rampage+∞}
   (You found it on level 1 of the Lair of Beasts)

   Its wearer moves as far as possible in that direction when moving towards
   enemies.
Jewellery
 b - a ring of positive energy
 g - a ring of willpower
 m - a ring of protection from fire (left hand)
 o - a +6 ring of strength
 t - an amulet of faith (around neck)
 F - a +4 ring of slaying
 G - a +6 ring of strength
 I - a ring of poison resistance (right hand)
 J - the ring "Uwnezom" {Wiz rC+ rN+ Will-}
   (You found it on level 13 of the Dungeon)

   [ring of wizardry]

   It improves your spell success rate.
   rC:        It protects you from cold.
   rN:        It protects you from negative energy.
   Will:      It decreases your willpower.
Wands
 l - a wand of paralysis (4)
 q - a wand of flame (74)
 r - a wand of polymorph (11)
 A - a wand of digging (6)
 M - a wand of mindburst (6)
 N - a wand of acid (17)
 U - a wand of charming (18)
 V - a wand of iceblast (17)
Scrolls
 c - 4 scrolls of identify {@r1}
 d - 2 scrolls of amnesia
 e - 2 scrolls of noise
 f - 7 scrolls of enchant armour
 p - 2 scrolls of holy word
 v - 5 scrolls of vulnerability
 w - 4 scrolls of magic mapping
 E - 2 scrolls of fog
 K - 2 scrolls of torment {unknown}
 O - 6 scrolls of immolation
 Q - 4 scrolls of silence
Potions
 i - 7 potions of attraction
 n - 2 potions of resistance {unknown}
 u - 6 potions of lignification {unknown}
 x - 6 potions of magic {unknown}
 z - 7 potions of ambrosia {unknown}
 B - 3 potions of might
 H - 3 potions of haste {unknown}
 L - 2 potions of cancellation {unknown}
 P - 4 potions of mutation {unknown}
 S - a potion of berserk rage
 T - 5 potions of brilliance {unknown}
 W - a potion of invisibility
 X - 5 potions of flight
Miscellaneous
 y - a tin of tremorstones (2/2)


   Skills:
 + Level 15.3 Fighting
 - Level 2.4 Short Blades
 - Level 20.0 Maces & Flails
 - Level 2.8 Throwing
 + Level 11.2 Armour
 - Level 6.4 Dodging
 - Level 12.6 Shields
 + Level 16.4 Invocations


You had 17 spell levels left.
You didn't know any spells.
Your spell library contained the following spells:

 Spells                   Type           Power      Damage    Failure   Level
 Animate Skeleton         Necr           0%         N/A       67%         1
 Apportation              Tloc           0%         N/A       67%         1
 Foxfire                  Conj/Fire      0%         2x1d4     67%         1
 Magic Dart               Conj           0%         1d3       67%         1
 Pain                     Necr           0%         1d4       67%         1
 Scorch                   Fire           0%         2d5       82%         2
 Searing Ray              Conj           0%         2d4       82%         2
 Conjure Flame            Conj/Fire      0%         6-21      96%         3
 Inner Flame              Hex/Fire       0%         N/A       96%         3
 Tukima's Dance           Hex            0%         N/A       96%         3
 Vampiric Draining        Necr           0%         2d6       96%         3
 Animate Dead             Necr           0%         N/A       100%        4
 Dispel Undead            Necr           0%         3d6       100%        4
 Flame Wave               Conj/Fire      0%         2d4       100%        4
 Fulminant Prism          Conj/Hex       0%         3d6       100%        4
 Ice Form                 Ice/Tmut       0%         N/A       100%        4
 Passage of Golubria      Tloc           0%         N/A       100%        4
 Summon Ice Beast         Ice/Summ       0%         N/A       100%        4
 Summon Lightning Spire   Summ/Air       0%         N/A       100%        4
 Alistair's Intoxication  Tmut/Pois      0%         N/A       100%        5
 Fireball                 Conj/Fire      0%         3d3       100%        5
 Metabolic Englaciation   Hex/Ice        0%         N/A       100%        5
 Yara's Violent Unravell  Hex/Tmut       0%         3d3       100%        5
 Conjure Ball Lightning   Conj/Air       0%         3x3d6     100%        6
 Summon Cactus Giant      Summ           0%         N/A       100%        6
 Haunt                    Necr/Summ      0%         N/A       100%        7
 Monstrous Menagerie      Summ           0%         N/A       100%        7
 Storm Form               Tmut/Air       0%         N/A       100%        7
 Infestation              Necr           0%         N/A       100%        8
 Maxwell's Capacitive Co  Air            0%         ∞         100%        8
 Polar Vortex             Ice            0%         N/A       100%        9


Dungeon Overview and Level Annotations

Branches:
Dungeon (15/15)            Temple (1/1) D:6            Lair (6/6) D:11
 Shoals (2/4) Lair:2        Snake (3/4) Lair:3        Slime (0/5) Lair:5
    Orc (2/2) D:12            Elf (0/3) Orc:2        Vaults (0/5) D:14
 Depths (1/4) D:15        Ossuary (visited)           IceCv (visited)
Gauntlet (visited)

Altars:
Ashenzari
Dithmenos
Elyvilon
Kikubaaqudgha
Okawaru
Sif Muna
Vehumet
Wu Jian
Xom
Yredelemnul
The Shining One
Beogh
Jiyva

Shops:
D:13 =   D:14 (   Orc:1 [([   Orc:2 [([(   Snake:2 [*   Snake:3 [*

Portals:
Abyss: Depths:1

Annotations:
D:11 exclusion: downstairs
D:15 3 runed translucent doors, Werasm's ghost, novice FoAK
Lair:3 1 runed translucent door, IdlyInterested's ghost, journeyman DsWn
Lair:5 1 runed translucent door
Lair:6 2 transporters, taxman66's ghost, journeyman GnEE
Shoals:2 Ilsuiw
Snake:2 exclusion: 5 doors


Innate Abilities, Weirdness & Mutations

You cannot be hasted, slowed, berserked, paralysed or teleported.
You can dig through walls and to a lower floor.
You have a pair of large antennae on your head. (SInv)
Your four strong arms can wield two-handed weapons with a shield.


Message History

You block the water elemental's attack.
The merfolk impaler hits you from afar with a +1 trident of protection.
Elyvilon protects you from harm!
Ilsuiw hits you from afar with a +5 trident of freezing.
* * * LOW HITPOINT WARNING * * *
Ilsuiw freezes you.
* * * LOW HITPOINT WARNING * * *
The water elemental misses you.
You feel better. Elyvilon protects you from harm!
Your lungs strain for air!
The sea snake bites you.
* * * LOW HITPOINT WARNING * * *
You are lethally poisoned!
The sea snake poisons you! The sea snake closely misses you.
The merfolk siren chants a haunting song.
You easily resist.
The merfolk impaler barely misses you. You block the water elemental's attack.
Ilsuiw hits you but does no damage. The merfolk impaler barely misses you.
You block the water elemental's attack.
You feel better.
* * * LOW HITPOINT WARNING * * *
Your lungs strain for air!
The water elemental disappears in a puff of smoke!
The sea snake bites you! Elyvilon protects you from harm!
You block the sea snake's attack. You block the merfolk impaler's attack.
The water elemental misses you. Ilsuiw misses you.
The sea snake barely misses you. The sea snake bites you!
Elyvilon protects you from harm! The water elemental hits you.
You slip free of the water engulfing you.
You gasp with relief as air once again reaches your lungs.
The merfolk impaler hits you but does no damage.
The merfolk siren chants a haunting song.
You resist with almost no effort. You block the sea snake's attack.
You block the water elemental's attack. The sea snake barely misses you.
You block the merfolk impaler's attack.
Ilsuiw runs her fingers through her long green hair.
Ilsuiw hits you from afar with a +5 trident of freezing.
You die...

...^....≈≈≈≈≈≈≈≈≈≈≈≈≈≈≈≈
........≈≈≈≈≈≈≈≈≈≈≈≈≈≈≈≈
......≈≈≈≈≈≈≈≈≈≈≈≈≈≈≈≈≈≈
....≈≈≈≈≈≈≈≈≈≈≈≈≈≈≈≈.≈≈
..$.≈≈m≈≈≈≈≈≈≈≈≈≈≈≈≈.≈≈
###..(≈≈≈≈≈≈≈≈≈≈≈≈≈≈≈≈.
#.....mm≈≈≈≈≈≈≈≈≈≈≈≈≈.<
#..../ES≈§≈≈≈≈≈≈≈≈≈≈.††
#.###.@Sm≈≈≈≈≈≈≈≈≈≈≈...
#.≈E≈≈≈≈≈≈≈≈≈≈≈≈≈..
#.≈≈≈≈≈≈≈≈≈≈≈≈≈≈≈...
...≈≈≈≈≈≈≈≈≈≈≈≈≈≈....
≈≈.≈≈≈≈≈≈≈≈≈≈≈≈≈≈≈....
≈≈≈≈≈≈≈≈≈≈≈≈≈≈≈≈≈≈≈≈≈≈..
≈≈≈≈≈≈≈≈≈≈≈≈≈≈≈≈≈≈≈≈≈≈≈.
≈≈≈≈≈≈≈≈≈≈≈≈≈≈≈ ≈≈≈≈≈≈≈.
≈≈≈≈≈≈≈≈


You could see Ilsuiw (invisible), a merfolk impaler, 2 sea snakes, a merfolk, 2
water elementals and a merfolk siren.

Vanquished Creatures
  Saint Roka (Orc:2)
  Asterion (Snake:3)
  Gastronok (D:9)
  A rockslime (IceCv)
  Kirke (D:15)
  3 nagarajas (Snake:3)
  Aizul (Snake:3)
  4 quicksilver oozes
  2 stone giants
  A minotaur (Gauntlet)
  An ettin (Depths:1)
  A fire dragon (D:14)
  7 naga warriors
  8 vault guards (D:14)
  A great orb of eyes (Depths:1)
  3 boulder beetles
  An ice dragon (D:14)
  An ogre mage (D:15)
  2 hydras
  3 anacondas
  Erica (D:9)
  A death knight (D:15)
  6 centaur warriors
  9 two-headed ogres
  3 tengu warriors
  11 death yaks
  A deep troll shaman (Lair:6)
  4 shock serpents
  8 naga sharpshooters
  4 skeletal warriors
  4 sea snakes
  A deep troll (D:15)
  2 starcursed masses (Abyss:1)
  A naga ritualist (Snake:2)
  A phantasmal warrior (D:15)
  An orange crystal statue (IceCv)
  A necromancer (D:15)
  A wizard (D:15)
  A lindwurm (shapeshifter) (D:15)
  2 mana vipers
  2 lindwurms
  2 deep elf pyromancers
  A faun (Shoals:2)
  A faun (shapeshifter) (D:14)
  4 cyclopes
  3 large abominations (Abyss:1)
  3 manticores
  21 elephants
  8 salamanders
  11 ugly things
  2 water nymphs (Shoals:2)
  Maurice (D:9)
  2 merfolk sirens (Shoals:1)
  12 naga magi
  6 guardian serpents
  2 torpor snails
  29 black mambas
  An apocalypse crab (Abyss:1)
  A smoke demon (Abyss:1)
  An unseen horror (Abyss:1)
  2 gargoyles (D:12)
  15 cane toads
  7 komodo dragons
  2 efreet
  4 rime drakes
  2 freezing wraiths (D:15)
  10 very ugly thing simulacra (IceCv)
  A tengu conjurer (D:13)
  A guardian mummy (D:14)
  7 trolls
  4 merfolk
  3 entropy weaver simulacra (IceCv)
  4 polar bears
  A polar bear (shapeshifter) (D:13)
  A wind drake (Shoals:1)
  3 raiju (Abyss:1)
  Prince Ribbit (D:7)
  4 hornets
  26 blink frogs
  A raiju (shapeshifter) (D:15)
  27 slime creatures
  3 flying skulls (Abyss:1)
  Sigmund (D:5)
  A shadow (D:11)
  Eustachio (D:6)
  A water elemental (Shoals:1)
  A wraith (D:12)
  6 hogs (D:15)
  A fire bat (shapeshifter) (D:14)
  5 basilisks
  4 wyverns
  33 yaks
  31 nagas
  2 wargs (Orc:2)
  4 demonic crawler simulacra (IceCv)
  15 water moccasins
  Duvessa (D:6)
  2 necrophages
  A sky beast (D:8)
  2 black bears
  25 orc warriors
  13 ogres
  The ghost of Shayle the Skirmisher, an amateur DsWr (D:4)
  9 centaurs
  18 wolves
  A phantom (D:7)
  A gnoll sergeant (D:11)
  15 bullfrogs
  2 scorpions
  3 water moccasin zombies (Ossuary)
  3 small abominations (Abyss:1)
  Dowan (D:6)
  3 killer bees (D:10)
  8 wights
  3 howler monkeys
  3 bullfrog zombies
  6 crimson imps
  2 quasits (Abyss:1)
  3 centaur zombies
  A jelly (D:5)
  15 orc priests
  2 centaur skeletons
  2 hounds
  An iron imp (Abyss:1)
  A gnoll shaman (D:4)
  A bullfrog skeleton (D:6)
  2 iguanas
  28 orc wizards
  A scorpion zombie (D:5)
  4 hell rats (Lair:2)
  A statue (D:15)
  A hound skeleton (D:5)
  2 mummies (Ossuary)
  A howler monkey zombie (D:9)
  8 gnolls
  8 adders
  2 shadow imps (D:7)
  4 white imps
  2 ufetubi
  4 adder zombies (Ossuary)
  2 adder skeletons (D:4)
  2 dart slugs
  70 orcs
  6 ball pythons
  3 bats
  5 endoplasms
  A giant cockroach (D:3)
  6 gnoll zombies (Ossuary)
  7 hobgoblins
  7 jackals
  4 kobolds
  A quokka (D:4)
  A frilled lizard (D:1)
  11 goblins
  4 hobgoblin zombies (Ossuary)
  3 kobold zombies (Ossuary)
  9 orc zombies (Ossuary)
  2 rats
  A lurking horror (Abyss:1)
817 creatures vanquished.

Vanquished Creatures (collateral kills)
  3 azure jellies (IceCv)
3 creatures vanquished.

Vanquished Creatures (others)
  A stone giant (Depths:1)
  A human (D:15)
  A golden eye (Abyss:1)
  5 wolves (Lair:6)
  An ufetubus (Abyss:1)
  2 orcs
  A bush (Lair:6)
  14 demonic plants (Gauntlet)
  43 fungi
  72 plants
141 creatures vanquished.

Grand Total: 961 creatures vanquished

Notes
Turn   | Place    | Note
-------+----------+-------------------------------------------
     0 | D:1      | freelancePsychic the Formicid Fighter began the quest for
                  | the Orb.
     0 | D:1      | Reached XP level 1. HP: 18/18 MP: 1/1
    80 | D:1      | Reached XP level 2. HP: 22/24 MP: 2/2
   736 | D:1      | Reached XP level 3. HP: 24/29 MP: 3/3
   841 | D:2      | Reached skill level 1 in Short Blades
  1175 | D:2      | Reached XP level 4. HP: 37/37 MP: 4/4
  1696 | D:2      | Found a faded altar of an unknown god.
  1826 | D:3      | Found a shadowy altar of Dithmenos.
  2380 | D:4      | Reached XP level 5. HP: 42/42 MP: 5/5
  2455 | D:4      | Found a transporter.
  2456 | D:4      | Noticed Shayle's ghost (amateur DsWr)
  2457 | D:4      | Noticed an ogre
  2458 | D:4      | Noticed an ogre
  2461 | D:4      | Found a transporter.
  2658 | D:4      | Noticed an ogre
  2694 | D:4      | Killed an ogre
  2695 | D:4      | Reached skill level 3 in Maces & Flails
  2695 | D:4      | Reached XP level 6. HP: 11/49 MP: 6/6
  2953 | D:4      | Noticed a hornet
  2962 | D:4      | Killed a hornet
  2963 | D:4      | Reached skill level 5 in Fighting
  2963 | D:4      | Reached skill level 4 in Maces & Flails
  2963 | D:4      | Reached skill level 5 in Armour
  2963 | D:4      | Reached XP level 7. HP: 28/56 MP: 7/7
  3210 | D:5      | Entered Level 5 of the Dungeon
  3229 | D:5      | Reached skill level 1 in Throwing
  3282 | D:5      | Reached skill level 5 in Maces & Flails
  3304 | D:5      | Identified the +9 hand axe "Rikekkie" {vamp, Dex+2}
  3454 | D:5      | Reached XP level 8. HP: 58/63 MP: 8/8
  3654 | D:5      | Noticed Sigmund
  3673 | D:5      | Killed Sigmund
  3674 | D:5      | Reached skill level 6 in Maces & Flails
  3683 | D:5      | Identified the +0 ring mail of the Moon {Dex+3 Stlth-}
  3730 | D:5      | Found a sand-covered staircase.
  3737 | Ossuary  | Entered an ossuary
  4479 | D:5      | Reached skill level 7 in Maces & Flails
  4544 | D:6      | Reached XP level 9. HP: 71/71 MP: 9/9
  4545 | D:6      | Noticed Eustachio
  4557 | D:6      | Killed Eustachio
  4796 | D:6      | Reached skill level 8 in Maces & Flails
  4905 | D:6      | Found a staircase to the Ecumenical Temple.
  4910 | Temple   | Entered the Ecumenical Temple
  4967 | Temple   | Became a worshipper of Elyvilon the Healer
  5174 | D:6      | Noticed Duvessa
  5189 | D:6      | Noticed Dowan
  5205 | D:6      | Killed Duvessa
  5206 | D:6      | Reached skill level 1 in Invocations
  5209 | D:6      | Killed Dowan
  5719 | D:7      | Noticed Prince Ribbit
  5750 | D:7      | Killed Prince Ribbit
  5751 | D:7      | Reached skill level 9 in Maces & Flails
  6478 | D:7      | Reached XP level 10. HP: 62/80 MP: 12/12
  6689 | D:7      | Reached * piety under Elyvilon
  7249 | D:7      | Reached skill level 10 in Maces & Flails
  7577 | D:7      | Reached skill level 5 in Invocations
  8153 | D:8      | Reached ** piety under Elyvilon
  8239 | D:8      | Reached skill level 11 in Maces & Flails
  9198 | D:4      | Reached XP level 11. HP: 84/89 MP: 15/15
  9202 | D:4      | Killed Shayle's ghost
  9300 | D:9      | Reached *** piety under Elyvilon
  9386 | D:9      | Noticed a two-headed ogre
  9396 | D:9      | Killed a two-headed ogre
  9401 | D:9      | Noticed Maurice
  9414 | D:9      | Killed Maurice
  9745 | D:9      | Noticed Erica
  9798 | D:9      | Killed Erica
  9799 | D:9      | Reached skill level 10 in Fighting
  9799 | D:9      | Reached skill level 12 in Maces & Flails
  9895 | D:9      | Noticed Gastronok
  9910 | D:9      | Killed Gastronok
 10433 | D:10     | Entered Level 10 of the Dungeon
 10600 | D:10     | Noticed a two-headed ogre
 10610 | D:10     | Killed a two-headed ogre
 11118 | D:10     | You fall into a shaft and drop 2 floors!
 11118 | D:12     | Reached **** piety under Elyvilon
 11127 | D:12     | Found an iron altar of Okawaru.
 11215 | D:12     | Noticed a centaur warrior
 11301 | D:12     | Noticed a seven-headed hydra
 11384 | D:12     | Noticed a cyclops
 11388 | D:12     | Killed a cyclops
 11495 | D:12     | Killed a centaur warrior
 11496 | D:12     | Reached skill level 13 in Maces & Flails
 11496 | D:12     | Reached XP level 12. HP: 91/99 MP: 18/18
 12230 | D:12     | Noticed a seven-headed hydra
 12283 | D:11     | Noticed a two-headed ogre
 12292 | D:11     | Killed a two-headed ogre
 12665 | D:11     | Noticed a boulder beetle
 12696 | D:11     | Pacified a boulder beetle
 12961 | D:11     | Found a staircase to the Lair.
 13175 | D:11     | Reached skill level 14 in Maces & Flails
 13896 | D:12     | Pacified a seven-headed hydra
 14007 | D:12     | Found a staircase to the Orcish Mines.
 14066 | D:12     | Pacified a seven-headed hydra
 14067 | D:12     | Reached skill level 5 in Shields
 14067 | D:12     | Reached skill level 10 in Invocations
 14623 | Lair:1   | Entered Level 1 of the Lair of Beasts
 14729 | Lair:1   | Reached XP level 13. HP: 107/107 MP: 20/20
 15484 | Lair:1   | Reached ***** piety under Elyvilon
 15491 | Lair:1   | Noticed a seven-headed hydra
 15504 | Lair:1   | Pacified a seven-headed hydra
 15788 | Lair:1   | Noticed a boulder beetle
 15789 | Lair:1   | Pacified a boulder beetle
 15811 | Lair:1   | Found the +3 pair of seven-league boots {Rampage+∞}
 16073 | Lair:1   | Noticed a fire dragon
 16076 | Lair:1   | Pacified a fire dragon
 16327 | Lair:2   | Noticed a four-headed hydra
 16335 | Lair:2   | Killed a four-headed hydra
 16857 | Lair:2   | Noticed a seven-headed hydra
 16862 | Lair:2   | Pacified a seven-headed hydra
 17479 | Lair:2   | Noticed a boulder beetle
 17480 | Lair:2   | Pacified a boulder beetle
 17483 | Lair:2   | Reached skill level 10 in Shields
 17578 | Lair:2   | Found a staircase to the Shoals.
 17835 | Lair:3   | Reached skill level 15 in Maces & Flails
 18160 | Lair:3   | Reached XP level 14. HP: 107/118 MP: 21/21
 18267 | Lair:3   | Found a runed translucent door.
 18267 | Lair:3   | Found a shimmering altar of Xom.
 18267 | Lair:3   | Noticed IdlyInterested's ghost (journeyman DsWn)
 18525 | Lair:3   | Found a staircase to the Snake Pit.
 19680 | Lair:4   | Reached ****** piety under Elyvilon
 20974 | Lair:5   | Noticed Urug
 20975 | Lair:5   | Pacified Urug
 21265 | Lair:5   | Found a runed translucent door.
 21265 | Lair:5   | Found a viscous altar of Jiyva.
 21266 | Lair:5   | Found a staircase to the Slime Pits.
 21506 | Lair:6   | Entered Level 6 of the Lair of Beasts
 21509 | Lair:6   | Noticed a dire elephant
 21512 | Lair:6   | Noticed taxman66's ghost (journeyman GnEE)
 22005 | Lair:6   | Reached XP level 15. HP: 125/126 MP: 23/23
 22188 | Lair:6   | Reached skill level 16 in Maces & Flails
 22710 | Lair:6   | Identified the +5 whip "Laimyol" {drain, rElec rPois MP-9
                  | Int+5}
 22769 | Lair:6   | Found a transporter.
 22874 | Lair:6   | Found a transporter.
 23320 | Orc:1    | Entered Level 1 of the Orcish Mines
 23347 | Orc:1    | Found Nesetefu's Weapon Boutique.
 23351 | Orc:1    | Found Nosukyih's Antique Armour Shoppe.
 23366 | Orc:1    | Found Goficw's Antique Armour Shoppe.
 23389 | Orc:1    | Bought a smoking cloak for 304 gold pieces
 23389 | Orc:1    | Identified the +0 cloak of Fortification {rPois rN+ Will-}
                  | (You bought it in a shop on level 1 of the Orcish Mines)
 23819 | Orc:2    | Entered Level 2 of the Orcish Mines
 24047 | Orc:2    | Found a staircase to the Elven Halls.
 24370 | Orc:2    | Found Etyb's Antique Armour Boutique.
 24376 | Orc:2    | Bought an embroidered cloak for 247 gold pieces
 24383 | Orc:2    | Bought a glowing kite shield for 247 gold pieces
 24487 | Orc:2    | Noticed Saint Roka
 24974 | Orc:2    | Reached skill level 17 in Maces & Flails
 25113 | Orc:2    | Found Azyxib's Antique Weapon Emporium.
 25121 | Orc:2    | Killed Saint Roka
 25135 | Orc:2    | Found Pymy's Antique Armour Shoppe.
 25367 | Orc:2    | Found Wecekh's Antique Weapon Shoppe.
 25504 | Orc:2    | Bought a brightly glowing battleaxe for 333 gold pieces
 25504 | Orc:2    | Identified the +8 battleaxe "Jaum" {vamp, Int+3} (You
                  | bought it in a shop on level 2 of the Orcish Mines)
 25780 | D:13     | Noticed Sonja
 25781 | D:13     | Pacified Sonja
 25789 | D:13     | Identified the ring "Uwnezom" {Wiz rC+ rN+ Will-}
 25829 | D:13     | Reached skill level 1 in Dodging
 26266 | D:13     | Found Ronyc's Jewellery Emporium.
 26626 | D:14     | Found a gate to the Vaults.
 26638 | D:14     | Reached XP level 16. HP: 96/133 MP: 25/25
 26740 | D:14     | Found a gate leading to a gauntlet.
 26744 | Gauntlet | Entered a Gauntlet
 26744 | Gauntlet | Found a transporter.
 26744 | Gauntlet | Found a transporter.
 26744 | Gauntlet | Found a transporter.
 26748 | Gauntlet | Found a transporter.
 26757 | Gauntlet | Found a transporter.
 26761 | Gauntlet | Found a transporter.
 26765 | Gauntlet | Found a transporter.
 26774 | Gauntlet | Found a transporter.
 26781 | Gauntlet | Found a transporter.
 26783 | Gauntlet | Found a transporter.
 26798 | Gauntlet | Found a transporter.
 26801 | Gauntlet | Found a transporter.
 27013 | Gauntlet | Identified the +2 hat of the Shrike {Drain rN+++ Int+8
                  | Stlth-}
 27016 | Gauntlet | Identified the +1 ring mail "Qihec" {-Cast Harm rPois
                  | rCorr}
 27017 | Gauntlet | Got the Grimoire of Icy Companions
 27021 | Gauntlet | Got Purghiwa's Tome of Sinister Battle Magic
 27080 | D:14     | Found a frozen archway.
 27091 | IceCv    | Entered an ice cave
 27283 | IceCv    | Reached skill level 18 in Maces & Flails
 28050 | IceCv    | Noticed an azure jelly
 28064 | IceCv    | Killed an azure jelly
 28072 | IceCv    | Found a viscous altar of Jiyva.
 28072 | IceCv    | Noticed an azure jelly
 28080 | IceCv    | Killed an azure jelly
 28082 | IceCv    | Noticed an azure jelly
 28082 | IceCv    | Noticed a rockslime
 28089 | IceCv    | Killed an azure jelly
 28097 | IceCv    | Killed a rockslime
 28125 | IceCv    | Identified the +0 robe of Ru's Whim {Rampage +Blink rPois
                  | SInv}
 28852 | D:14     | Found Lariodghu's Weapon Shoppe.
 29079 | D:14     | Found a portal to a secret trove of treasure.
 29218 | Trove    | Entered a treasure trove
 30043 | D:15     | Entered Level 15 of the Dungeon
 30161 | D:15     | Reached skill level 5 in Dodging
 30541 | D:15     | Reached XP level 17. HP: 139/139 MP: 27/27
 30553 | D:15     | Noticed Kirke
 30565 | D:15     | Killed Kirke
 30566 | D:15     | Reached skill level 19 in Maces & Flails
 31076 | D:15     | Found a staircase to the Depths.
 31363 | D:15     | Found a runed translucent gate.
 31364 | D:15     | Found a runed translucent gate.
 31365 | D:15     | Found a runed translucent gate.
 31372 | D:15     | Noticed Werasm's ghost (novice FoAK)
 31410 | D:15     | Found a broken altar of Ashenzari.
 31440 | D:15     | Found a radiant altar of Vehumet.
 31945 | Depths:1 | Entered Level 1 of the Depths
 31947 | Depths:1 | Found a one-way gate to the infinite horrors of the Abyss.
 32016 | Depths:1 | Identified the +6 morningstar of Ypeabor {speed, rC+ SInv
                  | Stlth+}
 32027 | Depths:1 | Noticed a lich
 32034 | Depths:1 | HP: 5/139 [stone giant/large rock (11)]
 32036 | Depths:1 | Voluntarily entered the Abyss.
 32658 | Abyss:1  | Noticed a tentacled starspawn
 32661 | Depths:1 | Escaped the Abyss
 32671 | Depths:1 | Noticed an ancient lich
 33202 | Snake:1  | Entered Level 1 of the Snake Pit
 34863 | Snake:2  | Found Ceyklej's General Store.
 34863 | Snake:2  | Found Xagiokh's Armour Shoppe.
 35270 | Snake:2  | Reached skill level 15 in Invocations
 35856 | Snake:2  | Reached skill level 20 in Maces & Flails
 37061 | Snake:3  | Found Icehy's General Store.
 37066 | Snake:3  | Reached skill level 10 in Armour
 37070 | Snake:3  | Found Xoud's Armour Shoppe.
 37094 | Snake:3  | Noticed Asterion
 37120 | Snake:3  | Reached XP level 18. HP: 83/147 MP: 26/29
 37140 | Snake:3  | Killed Asterion
 37645 | Snake:3  | Noticed Aizul
 37663 | Snake:3  | Killed Aizul
 38721 | Snake:2  | Reached skill level 15 in Fighting
 39586 | Snake:3  | HP: 5/136 [constriction (2)]
 40354 | Shoals:1 | Entered Level 1 of the Shoals
 41697 | Shoals:2 | Noticed Ilsuiw
 41731 | Shoals:2 | HP: 6/149 [water elemental[Ilsuiw] (4)]
 41731 | Shoals:2 | HP: 2/149 [water elemental[Ilsuiw] (4)]
 41733 | Shoals:2 | Elyvilon protects you from harm!
 41734 | Shoals:2 | Elyvilon protects you from harm!
 41735 | Shoals:2 | Elyvilon protects you from harm!
 41735 | Shoals:2 | Elyvilon protects you from harm!
 41736 | Shoals:2 | Slain by Ilsuiw

Illustrated notes

Levels and vault maps discovered:
D:1:      lightli_arrival_flooded_house, layout_loops_ring,
          nicolae_concentric_dashed_squares_mild
D:2:      minmay_spotlight, layout_loops_cross,
          shapermc_ecumenical_altar_mp_urbaneastern, corexii_leaking_fountain
D:3:      layout_basic, grunt_dithmenos_smoke_and_mirrors,
          minmay_misc_feat_plants
D:4:      layout_basic, gammafunk_ghost_smash, chequers_mini_garden,
          abandoned_shop
D:5:      layout_basic, serial_aquarium, aquarium_bridge_square
          [aquarium_subvault_balcony, aquarium_subvault_bridge,
          aquarium_subvault_bridge, aquarium_subvault_wall], aquarium_window_1,
          aquarium_window_2, aquarium_view_2g, aquarium_balcony_3a,
          enter_ossuary_1, uniq_sigmund
D:6:      layout_rooms, minmay_temple_entry_nine_rooms, uniq_duvessa,
          uniq_eustachio
D:7:      layout_rooms, serial_curves, eino_curves_02, eino_curves_02,
          st_stairs_3, minmay_nine_imps, uniq_prince_ribbit1
D:8:      layout_rooms
D:9:      layout_loops_ring, uniq_erica, uniq_maurice, uniq_gastronok
D:10:     layout_cross
D:11:     layout_rooms, grunt_lair_entry_orc_guard_hut, grunt_ministairs_9
D:12:     layout_roguey, orc_0_dummy, kennysheep_okawaru_gauntlet
D:13:     layout_loops_cross, serial_aquarium, aquarium_bridge_long_joined
          [aquarium_subvault_window, aquarium_subvault_bridge,
          aquarium_subvault_wall, aquarium_subvault_window,
          aquarium_subvault_bridge, aquarium_subvault_wall],
          aquarium_bridge_square [aquarium_subvault_window,
          aquarium_subvault_bridge, aquarium_subvault_bridge,
          aquarium_subvault_bridge], aquarium_window_2,
          aquarium_window_corridor_1, aquarium_window_1, aquarium_view_2f,
          chequers_serial_rivers_large_a, minmay_shop_enchanted_jewellery,
          uniq_sonja
D:14:     layout_roguey, erik_vaults_2, nicolae_trove_entry_path_of_doom,
          portal_ice_cave_entry_dragon, gauntlet_entry_generic,
          serial_co_window_serial, co_window_paths_a, co_window_cross_1,
          co_window_corner_a, co_window_corner_a, co_window_paths_a,
          co_window_paths_c, co_window_unsneaky_path_a, co_window_corner_ca,
          co_window_unsneaky_path_d, co_window_corner_b, co_window_sun,
          co_window_paths_e, glass_columns_b, glass_columns_a, serial_shops,
          nicolae_shop_temple_entry_statues_fountains,
          hangedman_abyss_or_decor_slice
D:15:     hangedman_depths_entry_civil_slaughter, layout_stronghold,
          gammafunk_ghost_split, ashenzari_conservatory_becter, vehumet_statue,
          uniq_kirke
Temple:   mainiacjoe_temple_hex_bubbles
Lair:1:   dragon1_lemuel, layout_chaotic_city,
          hellmonk_guarded_unrand_seven_league_boots
Lair:2:   nzn_winding_woodlands_medium [nzn_winding_woodlands_5x5_closed_star,
          nzn_winding_woodlands_5x15_cabin, nzn_winding_woodlands_5x5_default,
          nzn_winding_woodlands_hourglass,
          nzn_winding_woodlands_center_diamonds,
          nzn_winding_woodlands_5x5_three, nzn_winding_woodlands_5x5_open_star,
          nzn_winding_woodlands_5x15_concentric,
          nzn_winding_woodlands_5x5_perimeter], layout_long_grid,
          shoals_dummy_entry
Lair:3:   layout_gridlike, guppyfry_snake_entry_garden, ebering_ghost_xom
Lair:4:   layout_gridlike, lemuel_old_faithful
Lair:5:   layout_small_grid, slime_altar_2, uniq_urug
Lair:6:   grunt_lair_end_beastmaster, layout_regular_city, nzn_ghost_randoct
Shoals:1: layout_shoals
Shoals:2: layout_shoals, nicolae_shoals_nymph_descending_staircase, uniq_ilsuiw,
          uniq_louise
Snake:1:  layout_grid_maze
Snake:2:  layout_chambers, hangedman_venom_bottle, minmay_shoptagon
Snake:3:  nicolae_aizul_guard, layout_cave_town, serial_bayou_shore_a,
          minmay_shop_star, uniq_asterion
Orc:1:    layout_caves, serial_shops, shop, shop, nicolae_shop_stone,
          nicolae_shop_bloodbath_and_beyond, shop, mines4_lemuel, uniq_erolcha
Orc:2:    grunt_orc_community_town_hall, layout_caves,
          grunt_orc_community_big_house_2, grunt_orc_community_big_house_2,
          grunt_orc_community_house_3, grunt_orc_community_house_1,
          grunt_orc_community_house_2, grunt_orc_community_house_3,
          grunt_orc_community_house_3, grunt_orc_community_house_1
Depths:1: minmay_the_grid_3x2 [minmay_the_grid_odd_star,
          minmay_the_grid_tiny_cups, minmay_the_grid_aliased_spiral,
          minmay_the_grid_tri_star, minmay_the_grid_fan,
          minmay_the_grid_prize_inner_circle], layout_cave_shapes,
          pf_hell_entry_tar_river, pan_entry, abyss_entry,
          nicolae_uskayaw_murder_on_the_dancefloor, hangedman_decor_slide_cut,
          minivault_16, dilly_guarded_unrand_elemental_staff, uniq_bai_suzhen

Skill      XL: |  1  2  3  4  5  6  7  8  9 10 11 12 13 14 15 16 17 18 |
---------------+-------------------------------------------------------+-----
Short Blades   | 1 2 |  2.4
Armour         | 4 5 6 8 10 11 | 11.2
Fighting       | 4 5 6 8 9 10 11 13 14 15 | 15.3
Maces & Flails | 3 4 5 7 9 11 13 14 15 17 18 20 | 20.0
Throwing       | 1 2 |  2.8
Invocations    | 3 6 8 10 12 14 15 16 | 16.4
Shields        | 5 10 12 | 12.6
Dodging        | 1 5 6 |  6.4

Action                   |  1- 3 |  4- 6 |  7- 9 | 10-12 | 13-15 | 16-18 || total
-------------------------+-------+-------+-------+-------+-------+-------++-------
Melee: Flail             |    17 |       |     4 |   140 |       |       ||   161
       Dagger            |    37 |   105 |   348 |    62 |       |       ||   552
       Hand axe          |       |       |   132 |       |       |       ||   132
       Great mace        |       |       |       |   226 |   865 |  1017 ||  2108
Throw: Dart              |       |       |     2 |     7 |     1 |       ||    10
       Boomerang         |       |       |       |    16 |       |       ||    16
Invok: Heal Other        |       |       |       |     4 |    19 |    16 ||    39
       Heal Self         |       |       |       |     4 |     1 |    17 ||    22
       Purification      |       |       |       |       |       |     2 ||     2
 Abil: Dig               |       |       |       |     8 |     5 |    11 ||    24
Evoke: Tin of tremorston |       |       |       |     1 |       |       ||     1
  Use: Scroll            |     3 |     4 |     4 |     5 |     7 |     5 ||    28
       Potion            |       |     1 |     2 |     1 |     2 |    18 ||    24
 Stab: Distracted        |       |       |       |       |     1 |     1 ||     2
       Invisible         |       |       |       |       |     3 |     2 ||     5
       Petrified         |       |       |       |       |     2 |       ||     2
Armor: Scale mail        |    21 |    14 |       |       |       |       ||    35
       Chain mail        |       |    30 |   237 |    48 |       |       ||   315
       Plate armour      |       |       |       |   183 |   357 |    20 ||   560
       Quicksilver drago |       |       |       |       |       |   331 ||   331
Dodge: Dodged            |    21 |    34 |   142 |    95 |   118 |   311 ||   721
Block: Buckler           |     9 |    25 |   205 |    82 |       |       ||   321
       Reflection        |       |       |     7 |       |       |       ||     7
       Kite shield       |       |       |       |    25 |   480 |   550 ||  1055

Table legend: (Time is in decaauts)
 A = Elapsed time spent in this place.
 B = Non-inter-level travel time spent in this place.
 C = Inter-level travel time spent in this place.
 D = Time resting spent in this place.
 E = Time spent auto-exploring this place.
 F = Levels seen in this place.
 G = Mean time per level.
                   A        B        C        D        E       F      G
               +--------+--------+--------+--------+--------+-----+--------+
         Total |  41646 |  40099 |   1547 |   4411 |  28673 |  35 | 1189.9 |
       Dungeon |  19015 |  18187 |    828 |   1604 |  13354 |  15 | 1267.7 |
        Temple |    101 |     61 |     40 |      0 |     49 |   1 |  101.0 |
          Lair |   8777 |   8394 |    383 |    200 |   6962 |   6 | 1462.8 |
        Shoals |   1434 |   1405 |     29 |    390 |    845 |   2 |  717.0 |
     Snake Pit |   7032 |   6853 |    179 |   1203 |   4850 |   3 | 2344.0 |
  Orcish Mines |   2215 |   2129 |     86 |    244 |   1400 |   2 | 1107.5 |
        Depths |     98 |     98 |      0 |      6 |     26 |   1 |   98.0 |
         Abyss |    610 |    610 |      0 |    483 |      0 |   1 |  610.0 |
         Trove |     85 |     85 |      0 |      0 |     15 |   1 |   85.0 |
       Ossuary |    361 |    361 |      0 |      0 |    231 |   1 |  361.0 |
      Ice Cave |   1623 |   1623 |      0 |    279 |    940 |   1 | 1623.0 |
      Gauntlet |    292 |    292 |      0 |      0 |      0 |   1 |  292.0 |
               +--------+--------+--------+--------+--------+-----+--------+

Top non-repeatable levels by time:
 Snake:2: 3340 daAuts
    D:15: 2246 daAuts
 Snake:3: 2189 daAuts
    D:12: 1918 daAuts
     D:7: 1801 daAuts
  Lair:1: 1675 daAuts
  Lair:6: 1634 daAuts
   IceCv: 1623 daAuts
   Orc:2: 1563 daAuts
     D:4: 1562 daAuts
  Lair:3: 1525 daAuts
  Lair:2: 1508 daAuts
 Snake:1: 1502 daAuts
    D:14: 1440 daAuts
  Lair:4: 1305 daAuts
